 Dungeon Crawl Stone Soup version 0.31.0-9-g3a7656b989 (webtiles) character file.

Game seed: 8748735200106770228

58 EnegeticOcto the Ruffian (level 3, -4/36 HPs)
             Began as a Troll Monk on Jan 31, 2024.
             Slain by a gnoll
             ... wielding a +0 halberd
              (7 damage)
             ... on level 3 of the Dungeon.
             The game lasted 00:00:46 (1195 turns).

EnegeticOcto the Ruffian (Troll Monk)               Turns: 1195, Time: 00:00:47

Health: -4/36      AC:  4    Str: 19    XL:     3   Next: 75%
Magic:  2/2        EV: 10    Int:  6    God:
Gold:   101        SH:  0    Dex: 14    Spells: 2/2 levels left

rFire   . .          .
                       - Unarmed
rCold   . . .        c - orb {light}
rNeg    . . .        a - +0 robe
rPois   .            (helmet restricted)
rElec   .            (no cloak)
rCorr   .            (gloves unavailable)
SInv    .            (boots unavailable)
Will    .....        (no amulet)
Stlth   +            (no ring)
HPRegen 1.06/turn    (no ring)
MPRegen 0.08/turn

%: no passive effects
@: glowing
A: large, unfitting armour, claws 3, regeneration 1, shaggy fur 1, tough skin 1
a: no special abilities


You were on level 3 of the Dungeon.
You visited 1 branch of the dungeon, and saw 3 of its levels.

You collected 101 gold pieces.

Inventory:

Missiles
 d - 6 curare-tipped darts (quivered)
Armour
 a - a +0 robe (worn)
 c - an orb of light (worn)
Scrolls
 e - a scroll of enchant weapon
 f - 2 scrolls of teleportation {unknown}
 g - a scroll of identify {@r1}
 i - a scroll of blinking {@r4}
Potions
 b - a potion of ambrosia
 h - 2 potions of berserk rage {unknown}
 j - 2 potions of haste {@q4 !q}


   Skills:
 + Level 2.9 Fighting
 + Level 2.8 Dodging
 * Level 4.0 Unarmed Combat


You had 2 spell levels left.
You didn't know any spells.
Your spell library was empty.

Dungeon Overview and Level Annotations

Branches:
Dungeon (3/15) Zot: 16808

Altars:
Fedhas
Nemelex Xobeh
Wu Jian


Innate Abilities, Weirdness & Mutations

You are too large for most types of armour.
You have claws for hands.
Your natural rate of healing is unusually fast.
You are covered in fur. (AC +1)
You have tough skin. (AC +1)


Message History

The ball python barely misses you.
You claw the ball python!
You kill the ball python!
No target in view!
No target in view!
No target in view!
No target in view!
You see here a ball python corpse.
You see here a ball python corpse.
j - 2 emerald potions A kobold comes into view.
It is wielding a +0 dagger.
The kobold shouts!
You scratch the kobold but do no damage.
The kobold hits you with a +0 dagger.
You claw the kobold!
You kill the kobold!
No target in view!
No target in view!
No target in view!
No target in view!
You see here a +0 dagger.
Found a robe.
You now have 101 gold pieces (gained 6).
You see here a +0 robe.
Found 7 stones.
You see here 7 stones.
Done exploring.
No target in view!
No target in view!
No target in view!
No target in view!
No target in view!
No target in view!
No target in view!
Done exploring.
Done exploring.
Done exploring.
Done exploring.
Okay, then.
As you read the scroll labelled ISIUBIU ANEDEV, it crumbles to dust.
It is a scroll of identify.
e - a scroll of enchant weapon You don't know any spells.
Unknown command.
As you read the scroll of identify {@r1}, it crumbles to dust.
i - a scroll of blinking
As you read the scroll of identify {@r1}, it crumbles to dust.
j - 2 potions of haste
(D) Dungeon
Where to? (Tab/Enter - D:2, ? - help)
There is a stone staircase leading down here.
You climb downwards.
You hear the sound of rushing water.
There is an entrance to a sewer on this level.
Hurry and find it before the portal rusts away!
There is a stone staircase leading up here.
g - a scroll of identify {@r1} A bat and 4 gnolls come into view.
Found three altars.
The gnoll shouts! x4
The gnoll moves out of view. x2
The bat misses you.
The gnoll hits you from afar with a +0 spear.
You scratch the bat.
You kill the bat!
The gnoll hits you from afar with a +0 spear.
You see here a bat corpse.
You barely miss the gnoll.
The gnoll hits you from afar with a +0 halberd.
The gnoll completely misses you.
The gnoll hits you from afar with a +0 spear!
The gnoll hits you with a +0 spear.
You are too injured to fight recklessly!
You are too injured to fight recklessly!
You are too injured to fight recklessly!
You are too injured to fight recklessly!
You are too injured to fight recklessly!
You are too injured to fight recklessly!
You are too injured to fight recklessly!
You are too injured to fight recklessly!
You are too injured to fight recklessly!
The gnoll misses you. The gnoll barely misses you.
The gnoll closely misses you. The gnoll hits you with a +0 spear.
You claw the gnoll!
You kill the gnoll!
The gnoll barely misses you.
The gnoll hits you from afar with a +0 spear.
Your Unarmed Combat skill increases to level 4!
The gnoll hits you with a +0 halberd!
* * * LOW HITPOINT WARNING * * *
The gnoll hits you with a +0 spear.
* * * LOW HITPOINT WARNING * * *
The gnoll hits you from afar with a +0 spear.
* * * LOW HITPOINT WARNING * * *
Things that are here:
a +0 spear; a gnoll corpse; a bat corpse You claw the gnoll!
The gnoll is severely wounded.
The gnoll hits you with a +0 halberd!
You die...

#......#..#
#...##.#..#
#...#.<#..#
##.#####..#
#.........#
#.#..#####..######
#.................
##########..######
.....gg@...#
#..._.g##.##
##._8.. #.# #.._..
#.# #..... #.#
#...## #.# ##..
... ### ..


You could see 3 gnolls.

Vanquished Creatures
  A gnoll (D:3)
  An adder (D:2)
  2 dart slugs
  3 ribbon worms (D:2)
  3 ball pythons
  3 bats
  An endoplasm (D:2)
  A giant cockroach (D:2)
  A goblin (D:1)
  3 hobgoblins
  2 quokkas (D:2)
  3 frilled lizards
  2 kobolds (D:2)
  6 rats
32 creatures vanquished.

Notes
Turn   | Place    | Note
-------+----------+-------------------------------------------
     0 | D:1      | EnegeticOcto the Troll Monk began the quest for the Orb.
     0 | D:1      | Reached XP level 1. HP: 22/22 MP: 0/0
   110 | D:1      | Reached XP level 2. HP: 29/29 MP: 1/1
   614 | D:2      | Reached XP level 3. HP: 36/36 MP: 2/2
  1185 | D:3      | Found an ornate altar of the Wu Jian Council.
  1185 | D:3      | Found a blossoming altar of Fedhas.
  1185 | D:3      | Found a sparkling altar of Nemelex Xobeh.
  1194 | D:3      | Reached skill level 4 in Unarmed Combat
  1195 | D:3      | Slain by a gnoll

Illustrated notes

Levels and vault maps discovered:
D:1:      onia_arrival_handbag, layout_loops_ring, kennysheep_pointless_box
D:2:      layout_loops_ring, minmay_3d_cube
D:3:      layout_basic, chequers_temple_overflow_statue_of_worship,
          serial_shops, nicolae_shop_trees, cheibrodos_sewer_entry_sluice

Skill      XL: |  1  2  3 |
---------------+----------+-----
Unarmed Combat | 4 |  4.0
Fighting       | |  2.9
Dodging        | |  2.8

Action                     || total
---------------------------++-------
  Melee: Unarmed           ||    55
    Use: Scroll            ||     3
 Armour: Robe              ||    35
  Dodge: Dodged            ||    24

Table legend:
 A = Kills in this place as a percentage of kills in the entire game.
 B = Kills by you in this place as a percentage of kills by you in the entire game.
 C = Kills by friends in this place as a percentage of kills by friends in the entire game.
 D = Other kills in this place as a percentage of other kills in the entire game.
 E = Experience gained in this place as a percentage of experience gained in the entire game.
 F = Experience gained in this place divided by the number of levels of this place that you have seen.
                   A       B       C       D       E      F
               +-------+-------+-------+-------+-------+----------------------
         Total | 100.0 | 100.0 |   N/A |   N/A | 100.0 |  27.7
       Dungeon | 100.0 | 100.0 |   N/A |   N/A | 100.0 |  27.7
               +-------+-------+-------+-------+-------+----------------------

Table legend: (Time is in decaauts)
 A = Elapsed time spent in this place.
 B = Non-inter-level travel time spent in this place.
 C = Inter-level travel time spent in this place.
 D = Time resting spent in this place.
 E = Time spent auto-exploring this place.
 F = Levels seen in this place.
 G = Mean time per level.
                   A        B        C        D        E       F      G
               +--------+--------+--------+--------+--------+-----+--------+
         Total |   1190 |   1163 |     27 |      0 |    996 |   3 |  396.7 |
       Dungeon |   1190 |   1163 |     27 |      0 |    996 |   3 |  396.7 |
               +--------+--------+--------+--------+--------+-----+--------+

Top non-repeatable levels by time:
     D:2: 612 daAuts
     D:1: 552 daAuts
     D:3: 25 daAuts
